 Dungeon Crawl Stone Soup version 0.27-a0-577-ge2a43ba0c9 (webtiles) character file.

Game seed: 7008044668114958055

209476 mastekator the Warrior (level 18, -3/128 HPs)
             Began as a Gargoyle Fighter on Mar 9, 2021.
             Was an Elder of Okawaru.
             Killed from afar by a starcursed mass (10 damage)
             ... with an accursed screaming
             ... on level 2 of the Abyss.
             The game lasted 03:08:13 (32685 turns).

mastekator the Warrior (Gargoyle Fighter)          Turns: 32685, Time: 03:08:30

Health: -3/128     AC: 40    Str: 32    XL:     18   Next: 82%
Magic:  4/19       EV:  9    Int: 17    God:    Okawaru [****..]
Gold:   1362       SH: 16    Dex:  6    Spells: 17/17 levels left

rFire    + + +     SeeInvis +   n - +9 demon blade "Z" {elec, Str+4 Int+4}
rCold    + + .     Faith    .   Z - +2 kite shield {AC+3}
rNeg     + + +     Spirit   .   v - +4 chain mail {rC+}
rPois    ∞         Reflect  .   a - +0 hat "Hutamoq" {+Inv +Fly rN+ Dex-3}
rElec    +         Harm     .   o - scarf {rC+ rF+}
rCorr    .         Rampage  +   w - +0 pair of gloves of Xosas {rPois rF++ rN+ Will-}
Will     .....                  N - +0 pair of boots {rampage}
Stlth    ..........             (no amulet)
HPRegen  0.31/turn              C - +4 ring of slaying
MPRegen  0.16/turn              y - ring of Lucidity {rElec rF+ Int+2 SInv Stlth-}

@: studying Axes
A: big wings, molten scales 1, high mp 1, negative energy resistance 1,
electricity resistance, strong 1, torment resistance 1, unbreathing 1, evolution
1, petrification resistance, AC +13
}: 1/15 runes: serpentine
a: Fly, Renounce Religion, Evoke Invisibility, Heroism


You were on level 2 of the Abyss.
You worshipped Okawaru.
Okawaru was greatly pleased with you.
You visited 7 branches of the dungeon, and saw 30 of its levels.
You visited the Abyss 2 times.
You also visited: Bailey and Ice Cave.

You collected 3890 gold pieces.
You spent 2528 gold pieces at shops.

Inventory:

Hand Weapons
 e - the +6 dagger "Xiatos" {speed, rElec rC+}
   (You found it in an ice cave)

   Attacks with this weapon are significantly faster.
   It protects you from cold.
   It insulates you from electricity.
 n - the +9 demon blade "Z" (weapon) {elec, Str+4 Int+4}
   (You acquired it on level 12 of the Dungeon)

   Occasionally, upon striking a foe, it can discharge electrical energy and
   cause terrible harm.
   It affects your strength (+4).
   It affects your intelligence (+4).
 x - a +0 rapier
 W - the +9 demon blade of Gin and Tonic {venom, rPois rC+}
   (You acquired it on level 2 of the Lair of Beasts)

   It poisons the flesh of those it strikes.
   It protects you from cold.
   It protects you from poison.
Armour
 a - the +0 hat "Hutamoq" (worn) {+Inv +Fly rN+ Dex-3}
   (Okawaru gifted it to you on level 2 of the Lair of Beasts)

   It affects your dexterity (-3).
   It protects you from negative energy.
   It lets you turn invisible.
   It lets you fly.
 o - a scarf of resistance (worn)
 v - a +4 chain mail of cold resistance (worn)
 w - the +0 pair of gloves of Xosas (worn) {rPois rF++ rN+ Will-}
   (Okawaru gifted it to you in an ice cave)

   It greatly protects you from fire.
   It protects you from poison.
   It protects you from negative energy.
   It affects your willpower, your defense against some magical effects.
 N - a +0 pair of boots of rampaging (worn)
 V - the +15 Maxwell's patent armour {-Cast -Tele rElec Will+ rCorr}
   (You found it on level 15 of the Dungeon)

   It insulates you from electricity.
   It affects your willpower, your defense against some magical effects.
   It prevents spellcasting.
   It prevents most forms of teleportation.
   It provides partial protection from all sources of acid and corrosion.
 Z - a +2 kite shield of protection (worn)
Jewellery
 p - the ring "Qerevvoo" {rPois rF+ rC+ Int+3}
   (You bought it in a shop on level 3 of the Snake Pit)

   [ring of poison resistance]

   It affects your intelligence (+3).
   It protects you from fire.
   It protects you from cold.
   It protects you from poison.
 t - the ring of the Fifty Beds {rF+ MP+9}
   (You found it on level 1 of the Elven Halls)

   [ring of magical power]

   It protects you from fire.
   It affects your magic capacity (+9).
 y - the ring of Lucidity (right hand) {rElec rF+ Int+2 SInv Stlth-}
   (You found it on level 3 of the Snake Pit)

   [ring of see invisible]

   It affects your intelligence (+2).
   It protects you from fire.
   It insulates you from electricity.
   It lets you see invisible.
   It makes you less stealthy.
 B - an amulet of guardian spirit
 C - a +4 ring of slaying (left hand)
 L - an amulet of regeneration
Wands
 i - a wand of polymorph (6)
 u - a wand of flame (79)
 G - a wand of paralysis (31)
 H - a wand of mindburst (32)
 J - a wand of digging (10)
 K - a wand of acid (14)
 M - a wand of iceblast (12)
Scrolls
 c - 2 scrolls of enchant armour
 f - 8 scrolls of enchant weapon
 h - 3 scrolls of identify
 j - 6 scrolls of amnesia
 l - 5 scrolls of fear
 F - a scroll of magic mapping
 R - 2 scrolls of fog
 X - a scroll of holy word {unknown}
Potions
 d - 6 potions of might
 m - 5 potions of attraction
 q - 6 potions of ambrosia
 r - 6 potions of curing
 s - a potion of cancellation
 z - 5 potions of flight
 A - 4 potions of berserk rage
 E - 2 potions of magic
 O - 6 potions of brilliance
 P - a potion of mutation
 S - a potion of resistance
 T - 2 potions of invisibility
 U - 2 potions of haste
Miscellaneous
 b - a phantom mirror
 D - a box of beasts
 Y - a lightning rod (4/4)


   Skills:
 + Level 19.2 Fighting
 * Level 15.6 Long Blades
 + Level 17.9 Armour
 - Level 15.4 Shields


You had 17 spell levels left.
You didn't know any spells.
Your spell library contained the following spells:

 Spells                   Type           Power      Damage    Failure   Level
 Beastly Appendage        Tmut           0%         N/A       54%         1
 Shock                    Conj/Air       0%         1d3       54%         1
 Swiftness                Air            0%         N/A       67%         2
 Wereblood                Tmut           0%         N/A       67%         2
 Inner Flame              Hex/Fire       0%         N/A       88%         3
 Spider Form              Tmut/Pois      0%         N/A       88%         3
 Static Discharge         Conj/Air       0%         N/A       88%         3
 Summon Guardian Golem    Hex/Summ       0%         N/A       88%         3
 Airstrike                Air            0%         N/A       99%         4
 Animate Armour           Summ/Erth      0%         N/A       99%         4
 Ice Form                 Ice/Tmut       0%         N/A       99%         4
 Leda's Liquefaction      Hex/Erth       0%         N/A       99%         4
 Summon Lightning Spire   Summ/Air       0%         N/A       99%         4
 Blade Hands              Tmut           0%         N/A       100%        5
 Bolt of Magma            Conj/Fire/Erth 0%         4d4       100%        5
 Lightning Bolt           Conj/Air       0%         1d11      100%        5
 Silence                  Hex/Air        0%         N/A       100%        5
 Summon Mana Viper        Hex/Summ       0%         N/A       100%        5
 Conjure Ball Lightning   Conj/Air       0%         3x3d6     100%        6
 Eringya's Noxious Bog    Tmut/Pois      0%         N/A       100%        6
 Iron Shot                Conj/Erth      0%         9d1       100%        6
 Discord                  Hex            0%         N/A       100%        8
 Dragon's Call            Summ           0%         N/A       100%        9
 Shatter                  Erth           0%         3d5*      100%        9
 Tornado                  Air            0%         N/A       100%        9
 Statue Form              Tmut/Erth      Unusable   N/A       N/A         6

Dungeon Overview and Level Annotations

Branches:
Dungeon (15/15)            Temple (1/1) D:7            Lair (6/6) D:10
  Swamp (1/4) Lair:3        Snake (4/4) Lair:4        Slime (0/5) Lair:6
    Orc (2/2) D:11            Elf (1/3) Orc:2        Vaults (0/5) D:14
 Bailey (visited)           IceCv (visited)
 Depths: D:15

Altars:
Ashenzari
Cheibriados
Dithmenos
Elyvilon
Fedhas
Gozag
Hepliaklqana
Kikubaaqudgha
Makhleb
Nemelex Xobeh
Okawaru
Qazlal
Ru
Sif Muna
Trog
Uskayaw
Vehumet
Wu Jian
Xom
Yredelemnul
The Shining One
Beogh

Shops:
D:4 (   D:10 [=[[   D:12 ?   Orc:2 ((=[(   Elf:1 *   Snake:2 :=:   Snake:3 =
Snake:4 (

Annotations:
D:15 exclusion: orange crystal statue, Roxanne
Lair:5 3 runed translucent doors, Kiguq's ghost, journeyman VSSu
Lair:6 exclusion: 2 oklob plants
Snake:3 exclusion: oklob plant


Innate Abilities, Weirdness & Mutations

Your stone body is resilient. (AC +13)
You are immune to poison.
Your large and strong wings let you fly indefinitely.
You resist negative energy. (rN+)
You are resistant to electric shocks. (rElec)
You are resistant to unholy torment.
You can survive without breathing.
You are immune to petrification.
You are partially covered in molten scales. (AC +2)
You have an increased reservoir of magic. (+10% MP)
Your muscles are strong. (Str +2)
You evolve.


Message History

* * * LOW HITPOINT WARNING * * *
The cacodemon gestures at you.
You are confused.
Unknown command.
You feel strangely stable.
Your magical effects are unravelling.
You feel magically purged.
You feel less confused. The cacodemon gestures at you.
The bolt of energy misses you.
As you read the scroll of fog, it crumbles to dust.
The scroll dissolves into smoke.
The will-o-the-wisp gestures.
The will-o-the-wisp conjures some foxfire!
As you read the scroll of summoning, it crumbles to dust.
Wisps of shadow whirl around you... Something barely misses your raiju.
Blink to where?
Press: ? - help, Dir - move target
As you read the scroll of blinking, it crumbles to dust.
You start removing your amulet.
You continue taking off your amulet of guardian spirit. x3
The starcursed mass engulfs your raiju.
You continue taking off your amulet of guardian spirit.
The starcursed mass no longer looks unusually strong.
You finish taking off your amulet of guardian spirit.
You start putting on your amulet.
You continue putting on your amulet of regeneration. x2
The starcursed mass engulfs your thrashing horror!
You continue putting on your amulet of regeneration.
Your raiju bites the starcursed mass but does no damage.
A chorus of shrieks assaults your mind.
Keep equipping yourself?
* * * LOW HITPOINT WARNING * * *
You continue putting on your amulet of regeneration.
Your raiju bites the starcursed mass!
Your raiju shocks the starcursed mass!
The starcursed mass is destroyed!
Okawaru accepts your kill. A chorus of shrieks assaults your mind.
You die...

## ..# ..
..# ..
..# ##.
..# # ..
..#
#.#.#..#
#...#5.#
#@Xh# #
#.Xh.#
#.#.#.(#
#...#h§#
#...§.§#
#...§X.#
.#.##§X#
#.h###h§#
.§§X#


You could see 2 starcursed masses, a friendly starcursed mass (summoned), a
friendly thrashing horror (summoned), 4 friendly raiju and a friendly ufetubus
(summoned).

Vanquished Creatures
  Jorgrun (Snake:3)
  Asterion (Snake:3)
  An Executioner (Abyss:2)
  A tentacled starspawn (Abyss:4)
  7 nagarajas
  Kirke (Lair:4)
  Donald (Snake:4)
  An orc warlord (Orc:2)
  Aizul (Snake:3)
  2 very ugly things (IceCv)
  Azrael (D:15)
  4 entropy weavers (Lair:4)
  A dire elephant (Lair:6)
  Snorg (Orc:2)
  2 vault guards (D:14)
  20 naga warriors
  3 boulder beetles
  2 centaur warriors
  8 hydras
  3 ghost crabs (Lair:4)
  2 catoblepae (Lair:6)
  2 death knights
  5 anacondas
  A deep troll shaman (Lair:6)
  3 two-headed ogres
  5 death yaks (Lair:6)
  A dancing weapon (Elf:1)
  Urug (Orc:2)
  5 shock serpents
  7 thrashing horrors
  4 orc high priests (Orc:2)
  A deep elf knight (Elf:1)
  15 naga sharpshooters
  Sonja (Orc:2)
  6 fire crabs (Lair:4)
  A wretched star (Abyss:4)
  Nergalle (Lair:3)
  5 skeletal warriors (D:11)
  A goliath frog (Swamp:1)
  A shadow wraith (Abyss:2)
  3 salamander mystics (Snake:4)
  A spatial maelstrom (Abyss:2)
  An unseen horror (D:11)
  The ghost of highc0 the Slicer, a novice HaWr of Uskayaw (D:7)
  5 naga ritualists
  2 sea snakes (Snake:2)
  5 large abominations
  2 bog bodies (Swamp:1)
  2 deep elf archers (Elf:1)
  A phantasmal warrior (D:14)
  4 orc knights
  6 mana vipers
  3 deep elf zephyrmancers (Elf:1)
  16 salamanders
  8 ugly things
  3 deep elf pyromancers (Elf:1)
  4 orc sorcerers
  4 manticores (D:14)
  5 worldbinders
  A will-o-the-wisp (Abyss:4)
  17 elephants
  A cyclops (D:14)
  5 ice statues (IceCv)
  3 guardian serpents
  35 black mambas
  2 apocalypse crabs
  27 naga magi
  A guardian serpent (shapeshifter) (Elf:1)
  A rust devil (Abyss:2)
  A torpor snail (Lair:6)
  A smoke demon (Abyss:2)
  A water nymph (Abyss:4)
  A centaur zombie (D:10)
  Maggie (Lair:1)
  A gargoyle (D:12)
  An orange demon (Abyss:2)
  16 cane toads
  A hellion (Abyss:4)
  2 rime drakes
  A kobold demonologist (D:13)
  4 efreet
  13 komodo dragons
  2 anaconda simulacra (IceCv)
  3 ancient zymes
  A freezing wraith (D:14)
  A hellwing (Abyss:2)
  5 trolls
  A queen bee (D:7)
  2 polar bears
  2 tyrant leeches (Lair:3)
  Prince Ribbit (D:6)
  2 raiju (Abyss:2)
  12 blink frogs
  7 dream sheep (Lair:6)
  7 slime creatures
  2 shadows
  A spriggan (shapeshifter) (Abyss:2)
  Sigmund (D:6)
  An air elemental (Elf:1)
  2 starcursed masses (Abyss:2)
  6 wraiths
  39 yaks
  6 fire elementals
  3 hogs (Lair:4)
  7 humans (D:14)
  Grum (D:10)
  5 wyverns
  4 golden eyes
  A basilisk (D:14)
  2 neqoxecs (Abyss:2)
  3 vampire mosquitoes (D:14)
  A spatial vortex (Abyss:2)
  2 swamp worms (Swamp:1)
  5 wargs (Orc:2)
  2 harpy simulacra (IceCv)
  2 iron troll simulacra (IceCv)
  43 nagas
  6 hell hounds
  12 water moccasins
  Duvessa (D:4)
  8 small abominations
  A soldier ant (D:14)
  3 hydra simulacra (IceCv)
  28 orc warriors
  2 black bears
  10 ice beasts
  5 sky beasts
  A necrophage (D:10)
  14 wolves
  2 eyes of draining (D:14)
  12 ogres
  10 centaurs
  4 phantoms
  A kobold brigand (D:6)
  11 bullfrogs
  Dowan (D:4)
  4 scorpions
  17 killer bees
  A howler monkey (D:14)
  9 wights
  3 electric eels (Snake:2)
  A lava snake (Lair:3)
  3 bullfrog zombies
  5 hounds
  2 quasits (Abyss:2)
  4 bullfrog skeletons
  A gnoll shaman (D:6)
  9 jellies
  29 orc priests
  8 centaur skeletons
  5 iguanas
  Terence (D:3)
  20 orc wizards
  14 worker ants
  2 hound zombies
  A howler monkey zombie (D:7)
  11 gnolls
  15 adders
  4 shadow imps
  4 white imps
  An ufetubus (Abyss:2)
  An adder skeleton (D:4)
  2 dart slugs
  2 worms
  2 leopard geckos
  78 orcs
  3 ball pythons
  8 bats
  6 giant cockroaches
  16 goblins
  8 hobgoblins
  7 jackals
  3 quokkas
  A ball python skeleton (D:6)
  10 frilled lizards
  26 kobolds
  10 rats
  A lurking horror (Abyss:4)
  3 starspawn tentacles (Abyss:4)
  5 tentacles (Abyss:3)
1026 creatures vanquished.

Vanquished Creatures (collateral kills)
  A starcursed mass (Abyss:2)
1 creature vanquished.

Vanquished Creatures (others)
  A vault guard (D:14)
  A deep elf knight (Elf:1)
  A deep elf pyromancer (Elf:1)
  A deep elf zephyrmancer (Elf:1)
  2 humans
  An orc wizard (Orc:2)
  A quokka (D:6)
  A bat (Abyss:4)
  A bush (Lair:6)
  4 demonic plants (Abyss:4)
  12 foxfires
  11 fungi
  3 lurking horrors (Abyss:4)
  66 plants
  16 starspawn tentacles
  16 tentacles (Abyss:3)
138 creatures vanquished.

Grand Total: 1165 creatures vanquished

Notes
Turn   | Place    | Note
-------+----------+-------------------------------------------
     0 | D:1      | mastekator the Gargoyle Fighter began the quest for the
                  | Orb.
     0 | D:1      | Reached XP level 1. HP: 14/14 MP: 1/1
   184 | D:1      | Reached XP level 2. HP: 15/19 MP: 2/2
   475 | D:1      | Reached XP level 3. HP: 20/24 MP: 3/3
   837 | D:2      | Reached skill level 4 in Fighting
   930 | D:2      | Found a burning altar of Makhleb.
  1043 | D:2      | Found a sparkling altar of Nemelex Xobeh.
  1097 | D:2      | Reached XP level 4. HP: 29/29 MP: 4/4
  1399 | D:3      | Reached XP level 5. HP: 26/34 MP: 5/5
  1519 | D:3      | Found an iron altar of Okawaru.
  1581 | D:3      | Noticed Terence
  1603 | D:3      | Killed Terence
  2217 | D:3      | Found an ornate altar of the Wu Jian Council.
  2501 | D:3      | Gained mutation: You possess an exceptional clarity of
                  | mind. [potion of mutation]
  2501 | D:3      | Gained mutation: You have large cloven feet. [potion of
                  | mutation]
  2501 | D:3      | Gained mutation: You have an increased reservoir of magic.
                  | (+10% MP) [potion of mutation]
  2501 | D:3      | Gained mutation: Your natural rate of healing is unusually
                  | fast. [potion of mutation]
  2542 | D:3      | Became a worshipper of Warmaster Okawaru
  2632 | D:4      | Reached skill level 5 in Fighting
  2632 | D:4      | Reached XP level 6. HP: 37/40 MP: 6/6
  2701 | D:4      | Reached skill level 5 in Shields
  2807 | D:4      | Found Meso's Weapon Emporium.
  2832 | D:4      | Noticed Duvessa
  2833 | D:4      | Noticed Dowan
  2866 | D:4      | Killed Duvessa
  2867 | D:4      | Reached XP level 7. HP: 45/45 MP: 7/7
  2870 | D:4      | Killed Dowan
  2870 | D:4      | Reached * piety under Okawaru
  3348 | D:5      | Entered Level 5 of the Dungeon
  3433 | D:5      | Found a bloodstained altar of Trog.
  3490 | D:5      | Reached skill level 6 in Fighting
  3562 | D:5      | Found a glowing golden altar of the Shining One.
  3564 | D:5      | Found an opulent altar of Gozag.
  3572 | D:5      | Found a shimmering blue altar of Sif Muna.
  3787 | D:4      | Reached skill level 5 in Armour
  3841 | D:5      | Reached XP level 8. HP: 52/52 MP: 8/8
  4652 | D:6      | Found a white marble altar of Elyvilon.
  4886 | D:6      | Reached skill level 7 in Fighting
  4913 | D:6      | Found an ancient bone altar of Kikubaaqudgha.
  5072 | D:6      | Noticed Sigmund
  5080 | D:6      | Killed Sigmund
  5161 | D:6      | Reached XP level 9. HP: 59/59 MP: 6/9
  5187 | D:6      | Noticed Prince Ribbit
  5197 | D:6      | Killed Prince Ribbit
  5198 | D:6      | Reached skill level 8 in Fighting
  5931 | D:7      | Found a staircase to the Ecumenical Temple.
  5954 | D:7      | Found a flagged portal.
  6008 | Bailey   | Entered a bailey
  6032 | Bailey   | Noticed an orc knight
  6080 | Bailey   | Killed an orc knight
  6080 | Bailey   | Reached ** piety under Okawaru
  6081 | Bailey   | Reached skill level 9 in Fighting
  6081 | Bailey   | Reached skill level 5 in Long Blades
  6289 | D:7      | Found a transporter.
  6289 | D:7      | Found a transporter.
  6291 | D:7      | Noticed highc0's ghost (novice HaWr)
  6301 | D:7      | Noticed a queen bee
  6734 | D:7      | Reached XP level 10. HP: 66/66 MP: 11/11
  6955 | D:7      | Killed highc0's ghost
  6964 | D:7      | Reached *** piety under Okawaru
  7003 | D:7      | Reached skill level 10 in Fighting
  7133 | D:8      | Identified the +9 hunting sling "Diyq Bui" {freeze,
                  | *Corrode +Fly rElec rPois}
  7220 | D:8      | Found a sparkling altar of Nemelex Xobeh.
  7910 | Temple   | Entered the Ecumenical Temple
  8141 | D:9      | Identified the Collected Works on Enchanting Illusion
  8219 | D:9      | Reached skill level 10 in Shields
  9073 | D:9      | Found a glowing golden altar of the Shining One.
  9203 | D:10     | Entered Level 10 of the Dungeon
  9445 | D:10     | Found Onoach's Antique Armour Emporium.
  9492 | D:10     | Noticed Grum
  9517 | D:10     | Killed Grum
  9557 | D:10     | Reached XP level 11. HP: 61/73 MP: 12/12
  9563 | D:10     | Found a staircase to the Lair.
  9614 | D:10     | Found Wotuh's Antique Armour Emporium.
  9627 | D:10     | Bought a pair of runed boots for 195 gold pieces
  9693 | D:10     | Reached skill level 11 in Fighting
  9724 | D:10     | Found Faashut's Jewellery Shoppe.
  9787 | D:10     | Found Icug's Antique Armour Shoppe.
 10016 | D:10     | Identified a scroll of acquirement
 10018 | D:10     | Acquired 1184 gold pieces
 10224 | D:10     | Bought a +4 ring of slaying for 936 gold pieces
 10287 | Lair:1   | Entered Level 1 of the Lair of Beasts
 10349 | Lair:1   | Noticed Maggie
 10360 | Lair:1   | Killed Maggie
 10393 | Lair:1   | Noticed an eight-headed hydra
 10409 | Lair:1   | Killed an eight-headed hydra
 10409 | Lair:1   | Reached **** piety under Okawaru
 10660 | Lair:1   | Noticed an eight-headed hydra
 11949 | Lair:1   | Killed a nine-headed hydra
 12264 | Lair:1   | Reached skill level 12 in Fighting
 12387 | Lair:2   | Reached ***** piety under Okawaru
 12458 | Lair:2   | Noticed a six-headed hydra
 12534 | Lair:2   | Killed a six-headed hydra
 12535 | Lair:2   | Reached XP level 12. HP: 67/81 MP: 10/13
 12588 | Lair:2   | Identified the +0 hat "Hutamoq" {+Inv +Fly rN+ Dex-3}
                  | (Okawaru gifted it to you on level 2 of the Lair of Beasts)
 12588 | Lair:2   | Received a gift from Okawaru
 12642 | Lair:2   | Acquired the +9 demon blade of Gin and Tonic {venom, rPois
                  | rC+}
 12890 | Lair:2   | Noticed a seven-headed hydra
 12912 | Lair:2   | Killed a nine-headed hydra
 14218 | Lair:3   | Noticed a seven-headed hydra
 14231 | Lair:3   | Reached skill level 10 in Armour
 14255 | Lair:3   | Killed a seven-headed hydra
 14328 | Lair:3   | Noticed Nergalle
 14335 | Lair:3   | Killed Nergalle
 14923 | Lair:3   | Found a staircase to the Swamp.
 15093 | Lair:4   | Reached skill level 13 in Fighting
 15141 | Lair:4   | Noticed a five-headed hydra
 15156 | Lair:4   | Killed a five-headed hydra
 15176 | Lair:4   | Found a staircase to the Snake Pit.
 15177 | Lair:4   | Noticed Kirke
 15190 | Lair:4   | Killed Kirke
 15437 | Lair:4   | Reached XP level 13. HP: 86/88 MP: 14/14
 15577 | Lair:4   | Found a runed translucent door.
 16080 | Lair:4   | Noticed an entropy weaver
 16087 | Lair:4   | Killed an entropy weaver
 16119 | Lair:4   | Noticed an entropy weaver
 16135 | Lair:4   | Killed an entropy weaver
 16181 | Lair:4   | Reached skill level 14 in Fighting
 16203 | Lair:4   | Noticed an entropy weaver
 16214 | Lair:4   | Killed an entropy weaver
 16214 | Lair:4   | Reached ****** piety under Okawaru
 16237 | Lair:4   | Noticed an entropy weaver
 16249 | Lair:4   | Killed an entropy weaver
 16249 | Lair:4   | Received a gift from Okawaru
 16284 | Lair:4   | Identified the +2 dagger of Impatience {vorpal, *Drain rC+
                  | Will+ Int+5}
 16787 | Lair:5   | Found a sparkling altar of Nemelex Xobeh.
 17058 | Lair:5   | Found a runed translucent gate.
 17058 | Lair:5   | Found a runed translucent gate.
 17058 | Lair:5   | Found a runed translucent gate.
 17060 | Lair:5   | Noticed Kiguq's ghost (journeyman VSSu)
 17115 | Lair:5   | Gained mutation: Your large and strong wings let you fly
                  | indefinitely. [Gargoyle growth]
 17115 | Lair:5   | Reached XP level 14. HP: 96/96 MP: 12/15
 17508 | Lair:6   | Entered Level 6 of the Lair of Beasts
 17782 | Lair:6   | Received a gift from Okawaru
 18161 | Lair:6   | Found a staircase to the Slime Pits.
 18166 | Lair:6   | Reached skill level 15 in Fighting
 18210 | Lair:6   | Reached skill level 15 in Shields
 18431 | Lair:6   | Received a gift from Okawaru
 18442 | Lair:6   | Noticed a dire elephant
 18463 | Lair:6   | Killed a dire elephant
 18497 | Lair:6   | Identified the Papyrus of the Escort and Contamination
 18770 | Snake:1  | Entered Level 1 of the Snake Pit
 18889 | Snake:1  | Received a gift from Okawaru
 19195 | Snake:1  | Reached XP level 15. HP: 97/103 MP: 14/16
 19525 | Snake:1  | Reached skill level 10 in Long Blades
 19652 | Snake:2  | Reached skill level 16 in Fighting
 20238 | Snake:2  | Found Veded's Book Boutique.
 20240 | Snake:2  | Found Yvay's Jewellery Shoppe.
 20244 | Snake:2  | Found Erym's Book Boutique.
 20913 | Snake:3  | Noticed Aizul
 20929 | Snake:3  | Killed Aizul
 20979 | Snake:3  | Received a gift from Okawaru
 21005 | Snake:3  | Reached skill level 15 in Armour
 21011 | Snake:3  | Found Rarghem's Jewellery Shop.
 21011 | Snake:3  | Noticed Asterion
 21025 | Snake:3  | Killed Asterion
 21029 | Snake:3  | Bought the ring "Qerevvoo" {rPois rF+ rC+ Int+3} for 662
                  | gold pieces
 21092 | Snake:3  | Found a frozen archway.
 21099 | IceCv    | Entered an ice cave
 21124 | IceCv    | Identified the +0 pair of gloves of Xosas {rPois rF++ rN+
                  | Will-} (Okawaru gifted it to you in an ice cave)
 21124 | IceCv    | Received a gift from Okawaru
 21378 | IceCv    | Reached XP level 16. HP: 95/112 MP: 14/17
 21390 | IceCv    | Reached skill level 17 in Fighting
 21427 | IceCv    | Identified the +6 dagger "Xiatos" {speed, rElec rC+}
 21921 | Snake:3  | Identified the ring of Lucidity {rElec rF+ Int+2 SInv
                  | Stlth-}
 21950 | Snake:3  | Noticed a nagaraja
 21958 | Snake:3  | Killed a nagaraja
 21975 | Snake:3  | Noticed Jorgrun
 22000 | Snake:3  | Killed Jorgrun
 22289 | Snake:3  | Noticed a nagaraja
 22296 | Snake:3  | Killed a nagaraja
 22648 | Snake:4  | Entered Level 4 of the Snake Pit
 22938 | Snake:4  | Noticed a nagaraja
 22942 | Snake:4  | Noticed a nagaraja
 22945 | Snake:4  | Noticed a nagaraja
 22950 | Snake:4  | Noticed a nagaraja
 22984 | Snake:4  | Killed a nagaraja
 22993 | Snake:4  | Killed a nagaraja
 23001 | Snake:4  | Killed a nagaraja
 23011 | Snake:4  | Killed a nagaraja
 23050 | Snake:4  | Received a gift from Okawaru
 23058 | Snake:4  | Reached XP level 17. HP: 107/119 MP: 8/18
 23196 | Snake:4  | Found Vidooc's Antique Weapon Shoppe.
 23224 | Snake:4  | Noticed Donald
 23237 | Snake:4  | Killed Donald
 23284 | Snake:4  | Reached skill level 18 in Fighting
 23650 | Snake:4  | Got a serpentine rune of Zot
 24023 | Swamp:1  | Entered Level 1 of the Swamp
 24496 | D:11     | Found a stormy altar of Qazlal.
 24791 | D:11     | Found a staircase to the Orcish Mines.
 25059 | Orc:1    | Entered Level 1 of the Orcish Mines
 25463 | Orc:2    | Entered Level 2 of the Orcish Mines
 25463 | Orc:2    | Found a staircase to the Elven Halls.
 25558 | Orc:2    | Found Xont's Antique Weapon Emporium.
 25593 | Orc:2    | Noticed Snorg
 25604 | Orc:2    | Killed Snorg
 25697 | Orc:2    | Noticed Urug
 25703 | Orc:2    | Noticed Sonja
 25714 | Orc:2    | Killed Urug
 25723 | Orc:2    | Killed Sonja
 26146 | Orc:2    | Found Unoiph's Antique Weapon Boutique.
 26146 | Orc:2    | Found Boeq's Jewellery Shop.
 26147 | Orc:2    | Found Jupposul's Armour Shop.
 26165 | Orc:2    | Found Boses's Antique Weapon Boutique.
 26577 | Elf:1    | Entered Level 1 of the Elven Halls
 26651 | Elf:1    | Identified the ring of the Fifty Beds {rF+ MP+9}
 26730 | Elf:1    | Cast into level 2 of the Abyss (a deep elf sorcerer)
 26732 | Abyss:2  | Found a corrupted altar of Lugonu.
 26896 | Abyss:2  | Found a corrupted altar of Lugonu.
 26954 | Abyss:2  | Reached XP level 18. HP: 117/126 MP: 15/19
 27340 | Abyss:4  | Noticed a deep elf blademaster
 27745 | Abyss:4  | Gained mutation: You are occasionally teleported next to
                  | monsters. [a shining eye]
 27861 | Abyss:4  | Found a corrupted altar of Lugonu.
 27990 | Abyss:4  | Noticed a bone dragon
 27992 | Abyss:4  | Noticed a bone dragon
 28021 | Abyss:5  | Entered Level 5 of the Abyss
 28218 | Abyss:5  | Noticed a bone dragon
 28231 | Elf:1    | Escaped the Abyss
 28232 | Elf:1    | Found Heck's Assorted Antiques.
 28904 | D:12     | Found Raty's Magic Scroll Boutique.
 28909 | D:12     | Bought a scroll of identify for 20 gold pieces
 28909 | D:12     | Bought a scroll of identify for 20 gold pieces
 28909 | D:12     | Bought a scroll of acquirement for 520 gold pieces
 28909 | D:12     | Bought a scroll of summoning for 95 gold pieces
 28909 | D:12     | Bought a scroll of teleportation for 30 gold pieces
 28909 | D:12     | Bought a scroll of fog for 20 gold pieces
 28909 | D:12     | Bought a scroll of teleportation for 30 gold pieces
 28912 | D:12     | Acquired the +9 demon blade "Z" {elec, Str+4 Int+4}
 29658 | D:13     | Found a sacrificial altar of Ru.
 29688 | D:13     | Reached skill level 15 in Long Blades
 30366 | D:13     | Lost mutation: You have large cloven feet. [potion of
                  | mutation]
 30366 | D:13     | Lost mutation: You are occasionally teleported next to
                  | monsters. [potion of mutation]
 30366 | D:13     | Lost mutation: You possess an exceptional clarity of mind.
                  | [potion of mutation]
 30366 | D:13     | Lost mutation: Your natural rate of healing is unusually
                  | fast. [potion of mutation]
 30366 | D:13     | Gained mutation: Your spells are much easier to cast, but
                  | much less powerful. [potion of mutation]
 30366 | D:13     | Gained mutation: You evolve. [potion of mutation]
 30367 | D:13     | Lost mutation: Your spells are much easier to cast, but
                  | much less powerful. [potion of mutation]
 30367 | D:13     | Gained mutation: You are partially covered in molten
                  | scales. (AC +2) [potion of mutation]
 30367 | D:13     | Lost mutation: You have an increased reservoir of magic.
                  | (+10% MP) [potion of mutation]
 30367 | D:13     | Gained mutation: Your muscles are strong. (Str +2) [potion
                  | of mutation]
 30586 | D:14     | Reached skill level 19 in Fighting
 31424 | D:14     | Found a blossoming altar of Fedhas.
 31624 | D:14     | Found a gate to the Vaults.
 31681 | D:15     | Entered Level 15 of the Dungeon
 31693 | D:15     | Noticed Azrael
 31694 | D:15     | Found the +15 Maxwell's patent armour {-Cast -Tele rElec
                  | Will+ rCorr}
 31730 | D:15     | Killed Azrael
 32195 | D:15     | Gained mutation: You have an increased reservoir of magic.
                  | (+10% MP) [evolution]
 32369 | D:15     | Noticed Roxanne
 32456 | D:15     | Cast into level 2 of the Abyss (a wizard)
 32654 | Abyss:2  | Paralysed by accursed screaming for 1 turns
 32661 | Abyss:2  | Paralysed by accursed screaming for 1 turns
 32664 | Abyss:2  | Paralysed by accursed screaming for 2 turns
 32685 | Abyss:2  | Killed from afar by a starcursed mass

Illustrated notes

Levels and vault maps discovered:
D:1:      lemuel_arrival_funnel, layout_basic
D:2:      layout_rooms, nicolae_overflow_crystal_walls, nemelex_altar_shiori
D:3:      layout_basic, old_standard_altar, kennysheep_okawaru_gauntlet,
          uniq_terence
D:4:      layout_loops_ring, serial_shops, nicolae_shop_stone, uniq_duvessa
D:5:      layout_layer_cave, grunt_temple_overflow_open, grunt_decor_resistance,
          trog_hazing_becter
D:6:      kennysheep_kobold_camp, layout_loops_ring, basic_altar,
          chequers_arboretum, minmay_holes, elyvilon_altar_4, uniq_sigmund,
          uniq_prince_ribbit1
D:7:      layout_loops_corners, minmay_temple_entry_junction_2, enter_bailey_5,
          gammafunk_ghost_hive, minmay_crystal_room, hangedman_decor_lopped
D:8:      layout_gridville, basic_altar
D:9:      layout_stronghold, tso_altar
D:10:     layout_roguey, david_lair_shrubbed, serial_shops, shop,
          kennysheep_mini_moat, shop, nicolae_shop_statue_plus, uniq_grum
D:11:     layout_roguey, orc_0_dummy, nicolae_qazlal_style_of_elements
D:12:     layout_basic, serial_shops, kennysheep_little_box
D:13:     layout_roguey, lemuel_tele_altar
D:14:     wad_crossroads, layout_basic, ximxim_vaults_locker_room,
          lemuel_doored_altar
D:15:     grunt_enter_depths_hoard, layout_long_grid, hangedman_decor_opposing,
          minmay_statue_bubble, uniq_roxanne, uniq_azrael
Temple:   eino_temple_scatter_basement
Lair:1:   layout_small_grid, minmay_hedge_maze, uniq_maggie
Lair:2:   layout_chaotic_city
Lair:3:   layout_gridlike, minmay_swamp_entry_worms, grunt_megastairs_5,
          lemuel_fruit_tree, uniq_nergalle
Lair:4:   gammafunk_mikee_crab_dinner, layout_cave_pods, dummy_snake_entry,
          uniq_kirke
Lair:5:   layout_cave_shapes, gammafunk_ghost_hydra_chop, basic_altar,
          infiniplex_staircase_pool_2
Lair:6:   grunt_lair_end_beastmaster, layout_regular_city,
          minmay_slime_entry_pillars, infiniplex_staircase_pool,
          minmay_lair_oklob_chamber, grunt_megastairs_4
Swamp:1:  layout_basic_swamp, ebering_ghost_reflecting_pool,
          hangedman_swamp_blocks, uniq_nikola
Snake:1:  layout_rooms, grunt_megastairs_3
Snake:2:  layout_basic, chequers_hall_statues_y, serial_bayou_shore_a,
          minmay_shop_grove
Snake:3:  layout_chambers, serial_shops, shop,
          portal_ice_cave_entry_pillars_three, lemuel_oklob_altar, uniq_jorgrun,
          uniq_aizul, uniq_asterion
Snake:4:  snake_pit, layout_basic, serial_shops, shop, uniq_donald
Orc:1:    nicolae_orc_accident_1, layout_caves, basic_altar, mines1_david
Orc:2:    st_orc_mages, layout_diamond_mine, serial_shops, shop_fountains,
          uniq_urug, uniq_sonja, uniq_snorg
Elf:1:    elf_arrival_002, layout_gridlike, serial_shops, nicolae_shop_crystal,
          shop, nicolae_shop_statue_plus, minmay_elf_necromancy
Abyss:2:  base: Temple, minivault_13, evilmike_abyss_exit_10,
          gammafunk_abyss_exit_x_factor, hangedman_abyss_or_decor_passed,
          minivault_27, minivault_27, lemuel_flamethrower_3, base:
D:15

Skill      XL: |  1  2  3  4  5  6  7  8  9 10 11 12 13 14 15 16 17 18 |
---------------+-------------------------------------------------------+-----
Long Blades    | 2 3 4 5 6 7 8 9 10 12 14 15 | 15.6
Fighting       | 4 5 6 7 9 10 12 13 14 15 16 17 18 19 | 19.2
Shields        | 4 5 6 7 9 10 12 13 14 15 | 15.4
Armour         | 4 5 7 8 9 10 12 13 15 16 17 | 17.9

Action                   |  1- 3 |  4- 6 |  7- 9 | 10-12 | 13-15 | 16-18 || total
-------------------------+-------+-------+-------+-------+-------+-------++-------
Melee: Long sword        |   105 |   198 |   472 |   636 |       |       ||  1411
       Kick              |       |    35 |   133 |   113 |       |       ||   281
       Mace              |       |       |       |    66 |       |       ||    66
       Dagger            |       |       |       |    33 |       |       ||    33
       Demon blade       |       |       |       |   104 |   968 |  1674 ||  2746
       Rapier            |       |       |       |    11 |    22 |    32 ||    65
Invok: Heroism           |       |       |    20 |    57 |    84 |   132 ||   293
 Abil: Evoke Invisibilit |       |       |       |     1 |       |       ||     1
Evoke: Wand              |       |       |       |    38 |     3 |       ||    41
       Box of beasts     |       |       |       |     1 |       |       ||     1
       Lightning rod     |       |       |       |       |       |     1 ||     1
  Use: Scroll            |       |     3 |     7 |    14 |     6 |    20 ||    50
       Potion            |       |     1 |     1 |     1 |     2 |    17 ||    22
 Stab: Petrified         |       |       |       |       |     2 |       ||     2
       Distracted        |       |       |       |       |       |     1 ||     1
Armor: Scale mail        |    54 |   155 |     2 |       |       |       ||   211
       Chain mail        |       |       |   344 |   794 |   441 |  1121 ||  2700
Dodge: Dodged            |    33 |    76 |   191 |   536 |   199 |   543 ||  1578
Block: Kite shield       |    55 |   166 |   402 |   794 |   676 |  1390 ||  3483
       Rpst.: Long sword |    15 |    16 |    57 |    86 |       |       ||   174
       Demon blade       |       |       |       |     5 |    51 |    81 ||   137

Table legend: (Time is in decaauts)
 A = Elapsed time spent in this place.
 B = Non-inter-level travel time spent in this place.
 C = Inter-level travel time spent in this place.
 D = Time resting spent in this place.
 E = Time spent auto-exploring this place.
 F = Levels seen in this place.
 G = Mean time per level.
                   A        B        C        D        E       F      G
               +--------+--------+--------+--------+--------+-----+--------+
         Total |  31942 |  28309 |   3633 |   1897 |  17852 |  37 |  863.3 |
       Dungeon |  15592 |  13346 |   2246 |    314 |   9673 |  15 | 1039.5 |
        Temple |    157 |    148 |      9 |      0 |    145 |   1 |  157.0 |
          Lair |   7691 |   6839 |    852 |    836 |   4430 |   6 | 1281.8 |
         Swamp |     75 |     75 |      0 |      0 |      2 |   1 |   75.0 |
     Snake Pit |   4490 |   4040 |    450 |    303 |   2624 |   4 | 1122.5 |
  Orcish Mines |   1704 |   1630 |     74 |    266 |    904 |   2 |  852.0 |
   Elven Halls |    166 |    166 |      0 |      0 |     15 |   1 |  166.0 |
         Abyss |   1559 |   1559 |      0 |    178 |     38 |   5 |  311.8 |
        Bailey |    190 |    190 |      0 |      0 |      0 |   1 |  190.0 |
      Ice Cave |    314 |    314 |      0 |      0 |     20 |   1 |  314.0 |
               +--------+--------+--------+--------+--------+-----+--------+

Top non-repeatable levels by time:
  Lair:2: 1765 daAuts
    D:10: 1717 daAuts
  Lair:4: 1497 daAuts
     D:9: 1387 daAuts
  Lair:1: 1367 daAuts
     D:3: 1347 daAuts
 Snake:3: 1327 daAuts
   Orc:2: 1322 daAuts
     D:5: 1290 daAuts
     D:7: 1257 daAuts
 Snake:2: 1233 daAuts
    D:14: 1233 daAuts
  Lair:6: 1155 daAuts
     D:6: 1151 daAuts
 Snake:4: 1079 daAuts
